 Dungeon Crawl Stone Soup version 0.30.1-11-g7821555f0a (webtiles) character file.

Game seed: 10470167748360464233

118 VictoriousLee the Digger (level 4, 0/24 HPs)
             Began as a Deep Elf Earth Elementalist on Dec 31, 2023.
             Killed by nerve-wracking pain
             ... invoked by an orc priest
              (13 damage)
             ... on level 3 of the Dungeon.
             The game lasted 00:15:06 (2059 turns).

VictoriousLee the Digger (DEEE)                     Turns: 2059, Time: 00:15:07

Health: 0/24       AC:  3    Str:  5    XL:     4   Next: 72%
Magic:  8/10       EV: 12    Int: 22    God:
Gold:   131        SH:  0    Dex: 15    Spells: 3/9 levels left

rFire   . . .        t - +2 dagger (freeze)
rCold   . . .        (no shield)
rNeg    . . .        a - +0 robe
rPois   .            h - +0 helmet
rElec   .            (no cloak)
rCorr   .            (no gloves)
SInv    .            (no boots)
Will    .....        (no amulet)
Stlth   ++           (no ring)
HPRegen 0.24/turn    (no ring)
MPRegen 0.12/turn

%: no passive effects
@: no status effects
A: no striking features
a: no special abilities


You were on level 3 of the Dungeon.
You visited 1 branch of the dungeon, and saw 3 of its levels.

You collected 131 gold pieces.

Inventory:

Hand Weapons
 c - a +0 dagger
 e - a +0 halberd of freezing
 s - a +0 long sword
 t - a +2 dagger of freezing (weapon)
Missiles
 j - 5 poisoned darts
Armour
 a - a +0 robe (worn)
 h - a +0 helmet (worn)
 i - a +0 pair of gloves
Magical Staves
 r - a staff of cold
Scrolls
 d - a scroll of magic mapping {unknown}
 g - 5 scrolls of identify {unknown}
 k - a scroll of summoning {unknown}
 l - 2 scrolls of teleportation {unknown}
 m - a scroll of poison {unknown}
 n - a scroll of amnesia {unknown}
 u - a scroll of immolation {unknown}
Potions
 b - a potion of magic
 f - a potion of curing {unknown}
 o - a potion of degeneration {unknown}
 p - a potion of mutation {unknown}
 q - a potion of lignification {unknown}


   Skills:
 - Level 2.4 Dodging
 - Level 2.4 Stealth
 - Level 3.0 Spellcasting
 + Level 2.4 Conjurations
 - Level 1.1 Transmutations
 + Level 5.4 Earth Magic


You had 3 spell levels left.
You knew the following spells:

 Your Spells              Type           Power      Damage    Failure   Level
a - Sandblast             Erth           54%        2d13      1%          1
b - Stone Arrow           Conj/Erth      40%        3d9       8%          3
p - Passwall              Tmut/Erth      14%        N/A       4%          2

Your spell library contained the following spells:

 Spells                   Type           Power      Damage    Failure   Level
 Necrotise                Necr           12%        1d4       12%         1
 Vampiric Draining        Necr           3%         2d6       36%         3
 Petrify                  Tmut/Erth      17%        N/A       32%         4
 Agony                    Necr           3%         N/A       98%         5


Dungeon Overview and Level Annotations

Branches:
Dungeon (3/15)

Altars:
Zin


Message History

Found a club.
g - 5 scrolls labelled HYCZAUBYLU (gained 1)
Found a dagger.
An orc comes into view. It is wielding a +0 club.
Found an escape hatch in the ceiling.
Aiming: Sandblast (safe; 1% risk of failure)
Press: ? - help, Q - select action, (/) - cycle Shift-Dir - straight line, f - orc
Aim: an orc, wielding a +0 club, wearing a +0 ring mail and quivering stones (wandering, hasn't noticed you, 85% to hit)
The blast of sand hits the orc!
You kill the orc!
The orc priest shouts!
You hear a shout!
The orc priest drinks a potion.
The orc priest seems to speed up.
Aiming: Sandblast (safe; 1% risk of failure)
Press: ? - help, Q - select action, (/) - cycle Shift-Dir - straight line, f - orc priest
Aim: an orc priest, wielding a +0 morningstar (fast, 83% to hit)
The blast of sand hits the orc priest!
The orc priest is severely wounded.
An orc priest comes into view. It is wielding a +0 flail.
An orc comes into view. It is wielding a +0 mace.
The orc priest invokes the aid of Beogh against you.
Pain shoots through your body!
Ouch! That really hurt!
The orc moves out of view.
Aiming: Sandblast (safe; 1% risk of failure)
Press: ? - help, Q - select action, (/) - cycle Shift-Dir - straight line, f/p - orc priest
Aim: an orc priest, wielding a +0 morningstar (severely wounded, fast, 83% to hit)
The blast of sand hits the orc priest!
You kill the orc priest!
The orc priest shouts!
You hear a shout!
Aiming: Sandblast (safe; 1% risk of failure)
Press: ? - help, Q - select action, (/) - cycle Shift-Dir - straight line, f - orc priest
Aim: an orc priest, wielding a +0 flail (83% to hit)
The blast of sand hits the orc priest!
The orc priest is severely wounded.
The orc priest invokes the aid of Beogh against you.
Pain shoots through your body!
Ouch! That really hurt!
You die...

#.# ####### .# #.# #.....#
.#### #.# #.....# ....
#>###.....# ..# #.).......#
##########..###.# #.#########
#......#......... #.#
#....).....?..... #.#
##########.####.#.#......#
#.###<..........@.o)#.#.......
#......#.##....####o#.#<.....#
#..##..#.##.#### #.#.#).....#
#..##..#.##.# ###.#.#...####
#..##.......##.#...........
#..##....####.....#.#.#.....
#..##....####..##.#.#... ..
...........##..##.#.# #o.
#...##.#.####..##.#.# .o..


You could see an orc priest and an orc (wandering).

Vanquished Creatures
  An orc priest (D:3)
  Robin (D:2)
  An adder (D:2)
  A dart slug (D:1)
  An orc (D:3)
  4 ball pythons
  5 bats
  8 endoplasms
  11 goblins
  5 hobgoblins
  4 jackals (D:1)
  2 quokkas
  4 frilled lizards
  4 kobolds
  8 rats
60 creatures vanquished.

Notes
Turn   | Place    | Note
-------+----------+-------------------------------------------
     0 | D:1      | VictoriousLee the Deep Elf Earth Elementalist began the
                  | quest for the Orb.
     0 | D:1      | Reached XP level 1. HP: 10/10 MP: 6/6
   148 | D:1      | Reached XP level 2. HP: 15/15 MP: 5/8
   156 | D:1      | Reached skill level 4 in Earth Magic
   657 | D:1      | Reached XP level 3. HP: 19/19 MP: 7/9
   661 | D:1      | Learned a level 3 spell: Stone Arrow
   812 | D:1      | Found a faded altar of an unknown god.
  1031 | D:2      | Noticed Robin
  1037 | D:2      | Killed Robin
  1038 | D:2      | Reached skill level 1 in Conjurations
  1326 | D:2      | Reached skill level 5 in Earth Magic
  1392 | D:2      | Reached XP level 4. HP: 24/24 MP: 5/10
  1402 | D:2      | Learned a level 2 spell: Passwall
  1669 | D:2      | Found a glowing silver altar of Zin.
  2059 | D:3      | Killed from afar by an orc priest

Illustrated notes

Levels and vault maps discovered:
D:1:      shiori_arrival_maze, layout_basic,
          shapermc_ecumenical_altar_mp_urbaneastern, minmay_cupped
D:2:      layout_loops_cross, basic_altar, grunt_ministairs_1,
          chequers_serial_rivers_large_a, uniq_robin
D:3:      layout_basic

Skill      XL: |  1  2  3  4 |
---------------+-------------+-----
Earth Magic    | 4 5 |  5.4
Conjurations   | 1 2 |  2.4
Dodging        | |  2.4
Stealth        | |  2.4
Spellcasting   | |  3.0
Transmutations | |  1.1

Action                     |  1- 3 |  4- 6 || total
---------------------------+-------+-------++-------
  Melee: Dagger            |    14 |       ||    14
   Cast: Sandblast         |    64 |    17 ||    81
    Use: Scroll            |     1 |       ||     1
   Stab: Sleeping          |     1 |       ||     1
 Armour: Robe              |    12 |       ||    12
  Dodge: Dodged            |    22 |     1 ||    23
